 Dungeon Crawl Stone Soup version 0.21-a0-270-g8204059 (webtiles) character file.

345 Gagarin the Skirmisher (level 6, -1/56 HPs)
             Began as a Hill Orc Fighter on Sept 13, 2017.
             Slain by a gnoll
             ... wielding a +0 halberd
              (6 damage)
             ... on level 4 of the Dungeon.
             The game lasted 00:09:08 (2687 turns).

Gagarin the Skirmisher (Hill Orc Fighter)           Turns: 2687, Time: 00:09:09

Health: -1/56      AC:  8    Str: 21    XL:     6   Next: 58%
Magic:  6/6        EV:  7    Int:  8    God:
Gold:   199        SH:  9    Dex: 10    Spells: 4/5 levels left

rFire    . . .     SeeInvis .   a - +0 war axe
rCold    . . .     Gourm    .   c - +0 shield
rNeg     . . .     Faith    .   b - +0 scale mail
rPois    .         Spirit   .   (no helmet)
rElec    .         Reflect  .   t - +0 cloak
rCorr    .         Harm     .   (no gloves)
MR       .....                  (no boots)
Stlth    ..........             (no amulet)
HPRegen  0.18/turn              (no ring)
MPRegen  0.10/turn              (no ring)

@: hasted, very quick
A: no striking features
a: no special abilities


You were on level 4 of the Dungeon.
You were not hungry.

You visited 1 branch of the dungeon, and saw 4 of its levels.

You collected 199 gold pieces.

Inventory:

Hand Weapons
 a - a +0 war axe (weapon)
 v - a cursed -1 flail
Missiles
 s - 36 arrows
Armour
 b - a +0 scale mail (worn)
 c - a +0 shield (worn)
 t - a +0 cloak (worn)
Jewellery
 g - a cursed ring of teleportation {unknown}
 k - a cursed -3 ring of evasion {unknown}
 x - a cursed ring of teleportation {unknown}
 D - an uncursed ring of stealth {unknown}
Wands
 y - a wand of confusion (20/48)
Scrolls
 e - a scroll of noise {unknown}
 h - a scroll of remove curse {unknown}
 j - 3 scrolls of identify
 m - 2 scrolls of enchant armour {unknown}
 n - a scroll of enchant weapon {unknown}
 o - a scroll of blinking {unknown}
 p - 2 scrolls of teleportation {unknown}
 r - a scroll of fear {unknown}
 C - a scroll of immolation {unknown}
Potions
 z - a potion of brilliance {unknown}
Books
 l - a book of Changes

   Spells                             Type                      Level
   a - Beastly Appendage              Transmutation                1
   b - Sticks to Snakes               Transmutation                2
   c - Spider Form                    Transmutation/Poison         3
   d - Ice Form                       Ice/Transmutation            4
   e - Blade Hands                    Transmutation                5
Comestibles
 f - 3 bread rations
 w - 2 meat rations
 A - a royal jelly
 B - 2 fruits


   Skills:
 + Level 5.1 Fighting
 + Level 4.9 Axes
 + Level 5.0 Armour
 + Level 4.6 Shields
 + Level 0.8 Evocations


You had 4 spell levels left.
You knew the following spells:

 Your Spells              Type           Power        Failure   Level  Hunger
a - Beastly Appendage     Tmut           #.....       99%         1    ##.....


Dungeon Overview and Level Annotations

Branches:
Dungeon (4/15)
 Temple: D:4-7

Altars:
Ashenzari
Dithmenos
Nemelex Xobeh

Shops:
D:4 [

Annotations:
D:4 Eustachio


Message History

Eustachio casts a spell.
You bump into the rock wall.
The crimson imp hits you but does no damage.
The gnoll hits you from afar with a halberd!
* * * LOW HITPOINT WARNING * * *
Eustachio hits you but does no damage.
You bump into the rock wall.
The crimson imp hits you.
* * * LOW HITPOINT WARNING * * *
The gnoll hits you from afar with a halberd!
* * * LOW HITPOINT WARNING * * *
Your shield prevents you from hitting the crimson imp.
You miss Eustachio.
You feel less invigorated.
You feel less confused. You block Eustachio's attack.
The crimson imp hits you but does no damage.
You hit the crimson imp.
The crimson imp is moderately wounded.
You closely miss Eustachio.
The gnoll hits you from afar with a halberd.
You die...

#. ##.##.#....# #.
#..#.#....# #. ##.#.#....#
.#####. #...#..###
.....gw##############..#..###
......ag.g.5b#.......∩.#..#..
......##...#g#.#####...#..#.#
..... #...#@# #.#.#(.#.. ....
#...#@# #.#.#..#.. ...
#...#5# #.#...##.. .. #...#.#
#.#...##.. . #####.#
..#...##.# #.#.#######..>##.#
#.#........##.##.#
#.########.##.##.# #.#
#.##.##.. #.##### #.##.####


You could see Eustachio, a gnoll, a crimson imp, a white imp and a bat.

Vanquished Creatures
  An ogre (D:4)
  Crazy Yiuf (D:2)
  2 worker ants (D:4)
  3 adders
  6 gnolls
  2 oozes
  An adder skeleton (D:4)
  A worm (D:4)
  2 dart slugs (D:1)
  3 leopard geckos
  12 bats
  4 giant cockroaches
  6 goblins
  4 hobgoblins
  5 jackals
  5 quokkas
  7 frilled lizards
  17 kobolds
  8 rats
90 creatures vanquished.

Notes
Turn   | Place    | Note
-------+----------+-------------------------------------------
     0 | D:1      | Gagarin the Hill Orc Fighter began the quest for the Orb.
     0 | D:1      | Reached XP level 1. HP: 19/19 MP: 1/1
   116 | D:1      | Reached XP level 2. HP: 27/27 MP: 2/2
   254 | D:1      | Reached XP level 3. HP: 21/33 MP: 3/3
   833 | D:2      | Reached XP level 4. HP: 37/40 MP: 4/4
   845 | D:2      | Learned a level 1 spell: Beastly Appendage
  1110 | D:2      | Found a sparkling altar of Nemelex Xobeh.
  1164 | D:2      | Found a runed door.
  1418 | D:2      | Noticed Crazy Yiuf
  1427 | D:2      | Killed Crazy Yiuf
  1497 | D:3      | Reached XP level 5. HP: 47/47 MP: 5/5
  1875 | D:3      | Found a shattered altar of Ashenzari.
  2142 | D:4      | Noticed an ogre
  2171 | D:4      | Killed an ogre
  2171 | D:4      | Reached skill level 5 in Fighting
  2171 | D:4      | Reached XP level 6. HP: 14/56 MP: 6/6
  2418 | D:4      | Found a shadowy altar of Dithmenos.
  2558 | D:4      | Found Ugoanoh's Antique Armour Boutique.
  2575 | D:4      | Noticed Eustachio
  2653 | D:4      | Reached skill level 5 in Armour
  2685 | D:4      | HP: 2/56 [gnoll/halberd (9)]
  2687 | D:4      | Slain by a gnoll

Vault maps used:
D:1:      dpeg_arrival_rhombus
D:2:      nemelex_xobeh_ov_fountains_minmay, hex_large, uniq_crazy_yiuf_cottage
D:3:      first_bread, nicolae_ashenzari_panopticon
D:4:      nicolae_dithmenos_the_darkroom, serial_shops, shop, uniq_eustachio

Skill      XL: |  1  2  3  4  5  6 |
---------------+-------------------+-----
Fighting       | 4 5 |  5.1
Axes           | 3 4 |  4.9
Armour         | 4 5 |  5.0
Shields        | 4 |  4.6
Evocations     | |  0.8

Action                   |  1- 3 |  4- 6 || total
-------------------------+-------+-------++-------
Melee: War axe           |   118 |   185 ||   303
Evoke: Wand              |       |     2 ||     2
  Use: Potion            |       |     7 ||     7
       Scroll            |       |     1 ||     1
 Stab: Confused          |       |     1 ||     1
  Eat: Chunk             |       |     6 ||     6
Armor: Scale mail        |    58 |    98 ||   156
       Skin              |       |    49 ||    49
Dodge: Dodged            |    43 |    73 ||   116
Block: Shield            |    58 |   129 ||   187

Table legend:
 A = Spawn XP
 B = Non-spawn XP
 C = Spawn XP percentage of total XP
 D = Spawn monster count
 E = Non-spawn monster count
 F = Spawn count percentage of total count
 G = Total turns spent on level
                    A         B        C        D         E        F      G
               +---------+---------+-------+---------+---------+-------+---------
         Total |       0 |     494 |   0.0 |       0 |      90 |   0.0 |  2687
               +---------+---------+-------+---------+---------+-------+---------
           D:1 |       0 |      54 |   0.0 |       0 |      29 |   0.0 |   582
           D:2 |       0 |     106 |   0.0 |       0 |      22 |   0.0 |   882
           D:3 |       0 |      76 |   0.0 |       0 |      25 |   0.0 |   558
           D:4 |       0 |     258 |   0.0 |       0 |      14 |   0.0 |   665
               +---------+---------+-------+---------+---------+-------+---------
